 Dungeon Crawl Stone Soup version 0.30-a0-879-ga8ba668304 (webtiles) character file.

Game seed: 9708849436920750240

176 jasper the Shooter (level 5, -1/38 HPs)
             Began as a Demonspawn Hexslinger on Mar 13, 2023.
             Slain by a scorpion (2 damage)
             ... on level 3 of the Dungeon.
             The game lasted 00:04:32 (2810 turns).

jasper the Shooter (Demonspawn Hexslinger)          Turns: 2810, Time: 00:04:32

Health: -1/38      AC:  4    Str: 10    XL:     5   Next: 30%
Magic:  6/6        EV: 11    Int: 17    God:
Gold:   111        SH:  5    Dex: 13    Spells: 5/6 levels left

rFire   + . .      SeeInvis .    a - +1 sling
rCold   + . .      Faith    .    n - +1 buckler
rNeg    . . .      Spirit   .    c - +0 robe
rPois   +          Reflect  .    p - +0 helmet
rElec   +          Rampage  .    (no cloak)
rCorr   +                        (no gloves)
Will    .....                    h - +0 pair of boots
Stlth   +                        (no amulet)
HPRegen 0.26/turn                i - ring of wizardry
MPRegen 0.10/turn                (no ring)

@: lethally poisoned (-1 -> -14), resistant, attractive
A: powered by death 2
a: no special abilities


You were on level 3 of the Dungeon.
You visited 1 branch of the dungeon, and saw 3 of its levels.

You collected 111 gold pieces.

Inventory:

Hand Weapons
 a - a +1 sling (weapon)
Armour
 c - a +0 robe (worn)
 h - a +0 pair of boots (worn)
 n - a +1 buckler (worn)
 p - a +0 helmet (worn)
Jewellery
 i - a ring of wizardry (left hand)
Scrolls
 b - 2 scrolls of poison
 d - 3 scrolls of teleportation
 e - a scroll of brand weapon {unknown}
 g - a scroll of amnesia {unknown}
 k - a scroll of immolation {unknown}
 o - a scroll of identify
Potions
 f - 2 potions of flight
 q - a potion of berserk rage {unknown}


   Skills:
 + Level 2.2 Fighting
 * Level 4.2 Ranged Weapons
 - Level 1.7 Dodging
 + Level 1.6 Shields
 - Level 1.0 Spellcasting
 - Level 3.0 Hexes


You had 5 spell levels left.
You knew the following spells:

 Your Spells              Type           Power      Damage    Failure   Level
a - Slow                  Hex            44%        N/A       3%          1

Your spell library contained the following spells:

 Spells                   Type           Power      Damage    Failure   Level
 Inner Flame              Hex/Fire       5%         N/A       17%         3
 Portal Projectile        Hex/Tloc       10%        N/A       17%         3
 Cause Fear               Hex            5%         N/A       32%         4


Dungeon Overview and Level Annotations

Branches:
Dungeon (3/15)

Altars:
Dithmenos

Shops:
D:2 [


Innate Abilities, Weirdness & Mutations

You regenerate health from kills.


Message History

It was a potion of heal wounds.
You feel much better.
You feel extremely sick. The scorpion barely misses you.
You regained 14 hp, and now have 31/38 hp.
It was a potion of resistance.
You feel protected.
You feel very sick. The scorpion closely misses you.
You take 6 damage, and have 25/38 hp.
You feel very sick.
You take 4 damage, and have 21/38 hp.
Fire: a) +1 sling
Press: ? - help, Q - select action, (/) - cycle Shift-Dir - straight line, f/p - scorpion
Aim: a scorpion (moderately wounded, 59% to hit)
You shoot a sling bullet. The sling bullet hits the scorpion.
The scorpion is heavily wounded.
You feel very sick. The scorpion closely misses you. The scorpion stings you.
* * * LOW HITPOINT WARNING * * *
You are more poisoned.
The scorpion poisons you!
You take 10 damage, and have 11/38 hp.
MASSIVE DAMAGE!!
Fire: a) +1 sling
Press: ? - help, Q - select action, (/) - cycle Shift-Dir - straight line, f/p - scorpion
Aim: a scorpion (heavily wounded, 59% to hit)
You shoot a sling bullet.
The sling bullet barely misses the scorpion.
The sling bullet hits the ball python.
You kill the ball python!
* * * LOW HITPOINT WARNING * * *
You feel very sick. You block the scorpion's attack.
The scorpion stings you but does no damage.
You take 6 damage, and have 5/38 hp.
It was a potion of attraction.
You feel attractive to monsters.
* * * LOW HITPOINT WARNING * * *
You feel very sick. The scorpion stings you.
You die...

##### . #...# ...
#...#####+## ....#
#...........
......#######...........
......'.....s@..........
..)...#######...........
..... #........... ....
#...######## ... #...#
.. #(..####### .
###.......# #.......####
#. #........).# #.


You could see a scorpion.

Vanquished Creatures
  Jessica (D:2)
  Robin (D:1)
  3 adders (D:2)
  4 gnolls (D:2)
  A worm (D:2)
  2 dart slugs (D:1)
  4 ball pythons
  4 endoplasms
  5 giant cockroaches
  4 hobgoblins
  6 jackals
  4 quokkas
  2 bats (D:2)
  A frilled lizard (D:2)
  12 goblins
  4 kobolds
  4 rats
62 creatures vanquished.

Notes
Turn   | Place    | Note
-------+----------+-------------------------------------------
     0 | D:1      | jasper the Demonspawn Hexslinger began the quest for the
                  | Orb.
     0 | D:1      | Reached XP level 1. HP: 15/15 MP: 2/2
    53 | D:1      | Reached skill level 2 in Ranged Weapons
   111 | D:1      | Gained mutation: You regenerate a little health from kills.
                  | [demonic ancestry]
   111 | D:1      | Reached XP level 2. HP: 21/21 MP: 3/3
   614 | D:1      | Reached skill level 3 in Ranged Weapons
   834 | D:2      | Reached XP level 3. HP: 16/26 MP: 4/4
   886 | D:2      | Found Zowab's Antique Armour Shoppe.
   892 | D:2      | Noticed Robin
  1319 | D:1      | Killed Robin
  1546 | D:2      | Reached skill level 1 in Shields
  1546 | D:2      | Reached XP level 4. HP: 32/32 MP: 5/5
  1927 | D:2      | Noticed Jessica
  1942 | D:2      | Killed Jessica
  2000 | D:2      | Reached skill level 4 in Ranged Weapons
  2002 | D:2      | Gained mutation: You regenerate health from kills. [demonic
                  | ancestry]
  2002 | D:2      | Reached XP level 5. HP: 38/38 MP: 6/6
  2736 | D:3      | Found a shadowy altar of Dithmenos.
  2810 | D:3      | HP: 1/38 [poisoned by a scorpion]
  2810 | D:3      | Slain by a scorpion

Illustrated notes

Levels and vault maps discovered:
D:1:      mrwooster_arrival_arrow, layout_loops_ring, st_stairs_11
D:2:      layout_basic, serial_shops, shop, minmay_splitting_lines,
          kennysheep_big_empty_room, uniq_jessica, uniq_robin
D:3:      layout_basic, nicolae_dithmenos_shadow_blocks,
          mainiacjoe_overflow_large_starburst

Skill      XL: |  1  2  3  4 |
---------------+-------------+-----
Ranged Weapons | 2 3 4 |  4.2
Shields        | 1 |  1.6
Fighting       | 2 |  2.2
Dodging        | |  1.7
Spellcasting   | |  1.0
Hexes          | |  3.0

Action                     |  1- 3 |  4- 6 || total
---------------------------+-------+-------++-------
  Melee: Unarmed           |       |     5 ||     5
   Fire: Sling             |   132 |   128 ||   260
   Cast: Slow              |     2 |       ||     2
    Use: Scroll            |     2 |     5 ||     7
         Potion            |       |     5 ||     5
 Armour: Robe              |    13 |    27 ||    40
         Skin              |       |     6 ||     6
  Dodge: Dodged            |    39 |    48 ||    87
  Block: Buckler           |     2 |    22 ||    24

Table legend: (Time is in decaauts)
 A = Elapsed time spent in this place.
 B = Non-inter-level travel time spent in this place.
 C = Inter-level travel time spent in this place.
 D = Time resting spent in this place.
 E = Time spent auto-exploring this place.
 F = Levels seen in this place.
 G = Mean time per level.
                   A        B        C        D        E       F      G
               +--------+--------+--------+--------+--------+-----+--------+
         Total |   2879 |   2795 |     84 |    715 |   1555 |   3 |  959.7 |
       Dungeon |   2879 |   2795 |     84 |    715 |   1555 |   3 |  959.7 |
               +--------+--------+--------+--------+--------+-----+--------+

Top non-repeatable levels by time:
     D:2: 1866 daAuts
     D:1: 870 daAuts
     D:3: 142 daAuts
